 Dungeon Crawl Stone Soup version 0.29.0-4-gdea44cf6ec (webtiles) character file.

Game seed: 1010318863571813793

140 qw the Chopper (level 5, -1/30 HPs)
             Began as a Tengu Warper on Aug 28, 2022.
             Slain by Robin
             ... wielding a +0 spear
              (2 damage)
             ... on level 3 of the Dungeon.
             The game lasted 00:00:17 (3112 turns).

qw the Chopper (Tengu Warper)                       Turns: 3112, Time: 00:00:18

Health: -1/30      AC: 12    Str: 11 (13) XL:     5   Next: 23%
Magic:  9/9        EV:  5    Int: 11 (13) God:
Gold:   71         SH:  4    Dex: 14      Spells: 8/8 levels left

rFire   . . .      SeeInvis .   Y - +0 broad axe
rCold   . . .      Faith    .   o - +0 buckler
rNeg    + . .      Spirit   .   i - +0 chain mail
rPois   .          Reflect  .   (helmet restricted)
rElec   .          Harm     .   (no cloak)
rCorr   .          Rampage  .   (no gloves)
Will    .....                   (boots unavailable)
Stlth   ..........              (no amulet)
HPRegen 0.10/turn               e - ring of positive energy
MPRegen 0.11/turn               a - +4 ring of protection

@: lethally poisoned (-1 -> -3), flying quickly and evasively, quick
A: beak, talons 3, nimble flight
a: no special abilities


You were on level 3 of the Dungeon.
You visited 1 branch of the dungeon, and saw 3 of its levels.

You collected 71 gold pieces.


Innate Abilities, Weirdness & Mutations

You have a beak for a mouth.
You have claws for feet.
Your magical nature lets you fly swiftly and evasively.


   Skills:
 - Level 2.0 Fighting
 + Level 5.3 Axes
 - Level 1.0 Throwing
 - Level 1.1 Armour
 - Level 2.1 Dodging
 - Level 1.8 Shields
 - Level 2.0 Spellcasting
 - Level 2.4 Translocations


You had 8 spell levels left.
You didn't know any spells.
Your spell library contained the following spells:

 Spells                   Type           Power      Damage    Failure   Level
 Blink                    Tloc           12%        N/A       100%        2
 Gell's Gravitas          Tloc           6%         N/A       100%        3
 Lesser Beckoning         Tloc           6%         N/A       100%        3
 Teleport Other           Tloc           6%         N/A       100%        3
 Manifold Assault         Tloc           6%         N/A       100%        5

Inventory:

Hand Weapons
 g - a +0 whip
 Y - a +0 broad axe (weapon)
Armour
 b - a +1 scale mail of fire resistance
 i - a +0 chain mail (worn)
 o - a +0 buckler (worn)
Jewellery
 a - a +4 ring of protection (right hand)
 e - a ring of positive energy (left hand)
Scrolls
 k - a scroll of identify
Potions
 d - a potion of flight {unknown}
 h - a potion of berserk rage {unknown}
 j - a potion of mutation {unknown}
 l - a potion of curing
 m - a potion of haste
 n - a potion of heal wounds {unknown}

Dungeon Overview and Level Annotations

Branches:
Dungeon (3/15)

Altars:
Qazlal

Annotations:
D:3 Robin


Message History

You feel your dexterity returning.
You feel sick. The bat hits you but does no damage.
Robin hits you but does no damage.
Things that are here:
a +0 club; a goblin corpse You hit Robin.
Your kick misses Robin. Your peck misses Robin.
Robin is lightly wounded.
You feel very sick. The bat hits you but does no damage.
You barely miss Robin. You claw Robin, but do no damage.
You peck Robin, but do no damage.
Robin is lightly wounded.
You barely miss the hobgoblin.
You feel very sick. The bat hits you but does no damage.
Robin hits you but does no damage. The hobgoblin barely misses you.
The hobgoblin hits you but does no damage.
Robin hits you but does no damage.
You barely miss Robin.
Robin is lightly wounded.
You hit the hobgoblin.
You feel sick. The bat hits you but does no damage.
Robin hits you with a +0 spear.
The hobgoblin hits you but does no damage.
The bat hits you but does no damage.
You slash the hobgoblin!
You kill the hobgoblin!
You hit the bat.
You kill the bat!
You barely miss Robin.
You feel sick. Robin hits you but does no damage.
You hit Robin. You claw Robin.
Robin is heavily wounded.
You slash the goblin!
You kill the goblin!
You closely miss the hobgoblin.
You feel sick. You block Robin's attack.
The hobgoblin hits you but does no damage.
The hobgoblin hits you. Robin hits you with a +0 spear.
You die...

...................###
.......####.#.....?...
..#..............##..#
..###.................
###................
#..........#.####..
##.#........#.# ##.
#))#).........# #..
#))@g...............
####g...............
............#####
#......... #..>...##
....... ......#
......#


You could see Robin and a hobgoblin (strong).

Vanquished Creatures
  Jessica (D:3)
  Terence (D:2)
  3 adders
  A worm (D:2)
  2 dart slugs (D:1)
  3 orcs (D:3)
  2 ball pythons
  5 endoplasms
  3 giant cockroaches
  10 goblins
  7 hobgoblins
  A quokka (D:2)
  3 bats (D:3)
  3 frilled lizards
  2 kobolds
  6 rats
53 creatures vanquished.

Vanquished Creatures (others)
  A bush (D:3)
1 creature vanquished.

Grand Total: 54 creatures vanquished

Notes
Turn   | Place    | Note
-------+----------+-------------------------------------------
     0 | D:1      | qw the Tengu Warper began the quest for the Orb.
     0 | D:1      | Reached XP level 1. HP: 12/12 MP: 4/4
     0 | D:1      | 0 ||| qw: Version: 0.1-a-89-g26bdef1
     0 | D:1      | 0 ||| qw: Game counter: 2612
     0 | D:1      | 0 ||| qw: Always use a shield: true
     0 | D:1      | 0 ||| qw: God list: Okawaru
     0 | D:1      | 0 ||| qw: Allow faded altars: false
     0 | D:1      | 0 ||| qw: Do Orc after D:15 true
     0 | D:1      | 0 ||| qw: Do second Lair branch before Depths: true
     0 | D:1      | 0 ||| qw: Lair rune preference: random
     0 | D:1      | 0 ||| qw: Plans: Normal
     0 | D:1      | 0 ||| PLANNING D:1-11
   286 | D:1      | Found a faded altar of an unknown god.
   300 | D:1      | Reached skill level 3 in Axes
   300 | D:1      | Reached XP level 2. HP: 12/17 MP: 6/6
   898 | D:1      | 898 ||| Stepping ~*~*~tactically~*~*~ (stealth).
   900 | D:1      | 900 ||| Stepping ~*~*~tactically~*~*~ (stealth).
   902 | D:1      | 902 ||| Stepping ~*~*~tactically~*~*~ (stealth).
   910 | D:1      | 910 ||| Stepping ~*~*~tactically~*~*~ (stealth).
   913 | D:1      | 913 ||| Stepping ~*~*~tactically~*~*~ (stealth).
   916 | D:1      | 916 ||| Stepping ~*~*~tactically~*~*~ (stealth).
   917 | D:1      | 917 ||| Stepping ~*~*~tactically~*~*~ (stealth).
   950 | D:1      | 950 ||| Stepping ~*~*~tactically~*~*~ (stealth).
  1004 | D:1      | 1004 ||| Stepping ~*~*~tactically~*~*~ (hiding).
  1192 | D:1      | 1192 ||| UPGRADING to +0 chain mail.
  1202 | D:1      | 1202 ||| DROPPING +0 leather armour.
  1203 | D:1      | 1203 ||| UPGRADING to +0 buckler.
  1208 | D:1      | 1208 ||| UPGRADING to ring of positive energy.
  1209 | D:1      | 1209 ||| READING 2 scrolls labelled TUER LUUZAS.
  1210 | D:1      | 1210 ||| READING scroll labelled KOSI UJEVVIUMM.
  1211 | D:1      | 1211 ||| READING scroll labelled FIMMIGR VIUKHO.
  1212 | D:1      | 1212 ||| READING scroll labelled TEDYRHYRAF.
  1213 | D:1      | 1213 ||| READING scroll labelled MAGEORYCYMN.
  1314 | D:1      | 1314 ||| READING scroll labelled SOIL QATRIA.
  1315 | D:1      | 1315 ||| DRINKING 2 grey potions.
  1316 | D:1      | 1316 ||| DRINKING 2 white potions.
  1317 | D:1      | 1317 ||| DROPPING scroll of butterflies.
  1318 | D:1      | 1318 ||| DROPPING scroll of blinking.
  1319 | D:1      | 1319 ||| DROPPING potion of attraction.
  1320 | D:1      | 1320 ||| Stepping randomly (stuck).
  1321 | D:1      | 1321 ||| Stepping ~*~*~tactically~*~*~ (cloud).
  1322 | D:1      | 1322 ||| DRINKING potion of curing.
  1322 | D:1      | 1322 ||| (to cure poison)
  1452 | D:2      | Noticed Terence
  1463 | D:2      | Killed Terence
  1464 | D:2      | Reached skill level 1 in Shields
  1464 | D:2      | Reached XP level 3. HP: 11/21 MP: 7/7
  1604 | D:2      | 1604 ||| SWAPPING to +0 broad axe.
  1605 | D:2      | 1605 ||| DROPPING +0 hand axe.
  1724 | D:2      | 1724 ||| Stepping ~*~*~tactically~*~*~ (stealth).
  1725 | D:2      | 1725 ||| Stepping ~*~*~tactically~*~*~ (stealth).
  1853 | D:2      | Found a stormy altar of Qazlal.
  1929 | D:2      | Reached skill level 4 in Axes
  1929 | D:2      | Reached XP level 4. HP: 26/26 MP: 8/8
  2234 | D:2      | 2234 ||| READING scroll labelled WUDDED CUTZO.
  2235 | D:2      | 2235 ||| DRINKING 2 fizzy inky potions.
  2236 | D:2      | 2236 ||| READING 2 scrolls of identify.
  2236 | D:2      | 2236 ||| IDENTIFYING metallic white potion
  2237 | D:2      | 2237 ||| DROPPING potion of lignification.
  2265 | D:3      | 2265 ||| Stepping ~*~*~tactically~*~*~ (stealth).
  2280 | D:3      | 2280 ||| Stepping ~*~*~tactically~*~*~ (hiding).
  2357 | D:3      | 2357 ||| Stepping ~*~*~tactically~*~*~ (hiding).
  2597 | D:3      | 2597 ||| Stepping ~*~*~tactically~*~*~ (stealth).
  2599 | D:3      | 2599 ||| Stepping ~*~*~tactically~*~*~ (stealth).
  2600 | D:3      | 2600 ||| Stepping ~*~*~tactically~*~*~ (stealth).
  2606 | D:3      | 2606 ||| FLEEEEING.
  2607 | D:3      | 2607 ||| FLEEEEING.
  2608 | D:3      | 2608 ||| FLEEEEING.
  2609 | D:3      | 2609 ||| FLEEEEING.
  2610 | D:3      | 2610 ||| FLEEEEING.
  2611 | D:3      | 2611 ||| FLEEEEING.
  2612 | D:3      | 2612 ||| FLEEEEING.
  2613 | D:3      | 2613 ||| FLEEEEING.
  2614 | D:3      | 2614 ||| FLEEEEING.
  2615 | D:3      | 2615 ||| FLEEEEING.
  2616 | D:3      | 2616 ||| STAIRDANCE
  2686 | D:3      | Identified the +5 short sword of Baleful Innocence {vorpal,
                  | Contam rElec rC+}
  2735 | D:3      | Noticed Jessica
  2741 | D:3      | 2741 ||| Stepping ~*~*~tactically~*~*~ (hiding).
  2748 | D:3      | Killed Jessica
  2820 | D:3      | 2820 ||| FLEEEEING.
  2821 | D:3      | 2821 ||| FLEEEEING.
  2825 | D:3      | 2825 ||| FLEEEEING.
  2826 | D:3      | 2826 ||| STAIRDANCE
  2877 | D:2      | 2877 ||| UPGRADING to +4 ring of protection.
  2878 | D:2      | 2878 ||| READING scroll labelled FONEIM FIMNE.
  2879 | D:2      | 2879 ||| DRINKING 2 lumpy ruby potions.
  2880 | D:2      | 2880 ||| DROPPING potion of degeneration.
  2900 | D:3      | Reached skill level 5 in Axes
  2900 | D:3      | Gained mutation: Your magical nature lets you fly swiftly
                  | and evasively. [Tengu growth]
  2900 | D:3      | Reached XP level 5. HP: 15/30 MP: 9/9
  3071 | D:3      | 3071 ||| Stepping ~*~*~tactically~*~*~ (stealth).
  3072 | D:3      | 3072 ||| Stepping ~*~*~tactically~*~*~ (stealth).
  3100 | D:3      | Noticed Robin
  3112 | D:3      | HP: 7/30 [poisoned by a goblin]
  3112 | D:3      | HP: 1/30 [hobgoblin[Robin] (6)]
  3112 | D:3      | Slain by Robin

Levels and vault maps discovered:
D:1:      dpeg_arrival_tiny_f, layout_loops_corners, basic_ecumenical_altar,
          minmay_misc_feat_hallway, minmay_pentomino_t4
D:2:      layout_loops_cross, basic_altar, kennysheep_generic_room_4,
          uniq_terence
D:3:      layout_rooms, minmay_hedge_maze, uniq_robin, uniq_jessica

Skill      XL: |  1  2  3  4 |
---------------+-------------+-----
Axes           | 3 4 5 |  5.3
Shields        | 1 |  1.8
Fighting       | |  2.0
Throwing       | |  1.0
Armour         | |  1.1
Dodging        | |  2.1
Spellcasting   | |  2.0
Translocations | |  2.4

Action                   |  1- 3 |  4- 6 || total
-------------------------+-------+-------++-------
Melee: Hand axe          |    37 |       ||    37
       Peck              |    10 |     7 ||    17
       Kick              |    17 |    18 ||    35
       Broad axe         |    18 |    60 ||    78
Throw: Boomerang         |     7 |       ||     7
  Use: Scroll            |     6 |     3 ||     9
       Potion            |     3 |     2 ||     5
Armor: Chain mail        |    12 |    46 ||    58
Dodge: Dodged            |    15 |    11 ||    26
Block: Buckler           |     7 |     9 ||    16

Table legend:
 A = Non-vault XP
 B = Vault XP
 C = Vault XP percentage of total XP
 D = Non-vault monster count
 E = Vault monster count
 F = Vault count percentage of total count
                 A         B        C        D         E       F
            +---------+---------+-------+---------+---------+-------
      Total |     108 |      95 |  46.8 |      37 |      16 |  30.2
            +---------+---------+-------+---------+---------+-------
        D:1 |      24 |       3 |  11.1 |      13 |       2 |  13.3
        D:2 |      29 |      33 |  53.2 |       7 |       2 |  22.2
        D:3 |      55 |      59 |  51.8 |      17 |      12 |  41.4
            +---------+---------+-------+---------+---------+-------
